 Dungeon Crawl Stone Soup version 0.30.0-29-ga12c61a403 (webtiles) character file.

Game seed: 17185297094055262985

3334 monsoonserge the Pandemonic (level 9, -9/66 HPs)
             Began as a Demonspawn Monk on June 7, 2023.
             Was a High Priest of Makhleb.
             Mangled by an orc warrior
             ... wielding a +0 halberd
              (19 damage)
             ... on level 8 of the Dungeon.
             The game lasted 00:31:24 (7024 turns).

monsoonserge the Pandemonic (Demonspawn Monk)       Turns: 7024, Time: 00:31:24

Health: -9/66      AC:  5    Str:  8    XL:     9   Next: 72%
Magic:  17/17      EV: 19    Int: 13    God:    Makhleb [*****.]
Gold:   28         SH:  0    Dex: 24    Spells: 6/10 levels left

rFire   + . .        b - +6 long sword "Poam" {chaos, rF+ rN+ Will++ Str-4}
rCold   . . .        d - orb {light}
rNeg    + . .        J - +0 leather armour
rPois   .            (no helmet)
rElec   .            m - +0 cloak
rCorr   .            u - +0 pair of gloves
SInv    .            (no boots)
Will    ++...        v - amulet of magic regeneration
Stlth   ++           N - +5 ring of evasion
HPRegen 0.31/turn    o - +4 ring of slaying
MPRegen 0.55/turn

%: no passive effects
@: glowing
A: hooves 1, thin skeletal structure 3, spiny 2
a: Renounce Religion, Minor Destruction, Lesser Servant of Makhleb, Major
Destruction, Greater Servant of Makhleb


You were on level 8 of the Dungeon.
You worshipped Makhleb.
Makhleb was extremely pleased with you.
You visited 2 branches of the dungeon, and saw 9 of its levels.

You collected 484 gold pieces.
You spent 456 gold pieces at shops.

Inventory:

Hand Weapons
 a - a +1 short sword of electrocution
 b - the +6 long sword "Poam" (weapon) {chaos, rF+ rN+ Will++ Str-4}
   (You found it on level 8 of the Dungeon)

   Str:       It affects your strength (-4).
   rF:        It protects you from fire.
   rN:        It protects you from negative energy.
   Will:      It greatly increases your willpower.
 y - a +5 mace of draining
 H - the +3 hand axe of a treasure trove {venom, Int+2 Dex+2}
   (You found it on level 6 of the Dungeon)

   Int:       It affects your intelligence (+2).
   Dex:       It affects your dexterity (+2).
 T - a +0 sling
Missiles
 f - 84 stones
 n - 38 poisoned darts
 A - 4 throwing nets
 O - 9 boomerangs (quivered)
Armour
 d - an orb of light (worn)
 m - a +0 cloak (worn)
 s - a +0 ring mail
 u - a +0 pair of gloves (worn)
 B - a +0 scale mail
 J - a +0 leather armour (worn)
Magical Staves
 w - a staff of earth
Jewellery
 o - a +4 ring of slaying (right hand)
 v - an amulet of magic regeneration (around neck)
 z - a ring of fire
 N - a +5 ring of evasion (left hand)
 Q - a +6 ring of strength
Scrolls
 e - 3 scrolls of amnesia {unknown}
 g - a scroll of fog {unknown}
 i - a scroll of enchant weapon {unknown}
 j - 3 scrolls of poison {unknown}
 k - a scroll of vulnerability {unknown}
 t - 2 scrolls of identify {unknown}
 x - 2 scrolls of teleportation {unknown}
 D - 2 scrolls of blinking {unknown}
 E - 5 scrolls of enchant armour {unknown}
 M - 2 scrolls of immolation {unknown}
 R - a scroll of magic mapping {unknown}
 S - a scroll of fear {unknown}
Potions
 c - a potion of ambrosia
 h - a potion of invisibility {unknown}
 l - 3 potions of lignification {unknown}
 p - 3 potions of mutation {unknown}
 q - 4 potions of flight {unknown}
 r - 2 potions of attraction {unknown}
 C - 3 potions of curing
 F - a potion of heal wounds {unknown}
 G - 2 potions of haste
 I - 2 potions of resistance {unknown}
 K - 2 potions of berserk rage
 L - a potion of degeneration {unknown}
 P - 2 potions of magic {unknown}


   Skills:
 + Level 4.7 Fighting
 + Level 4.0(5.0) Short Blades
 + Level 4.3(5.1) Long Blades
 - Level 1.0 Maces & Flails
 - Level 1.0 Ranged Weapons
 + Level 0.3 Throwing
 * Level 3.7 Armour
 + Level 4.6 Dodging
 - Level 1.0 Spellcasting
 * Level 0.2 Hexes
 * Level 2.5 Translocations
 * Level 0.2 Ice Magic
 + Level 11.9 Invocations


You had 6 spell levels left.
You knew the following spells:

 Your Spells              Type           Power      Damage    Failure   Level
a - Blink                 Tloc           14%        N/A       22%         2
b - Ensorcelled Hibernat  Hex/Ice        2%         N/A       47%         2

Your spell library contained the following spells:

 Spells                   Type           Power      Damage    Failure   Level
 Lesser Beckoning         Tloc           14%        N/A       22%         2
 Momentum Strike          Conj/Tloc      6%         3d8       34%         2
 Magic Dart               Conj           0%         1d3       36%         1
 Call Imp                 Summ           0%         N/A       52%         2
 Passwall                 Tmut/Erth      0%         N/A       52%         2
 Sublimation of Blood     Necr           0%         N/A       52%         2
 Mephitic Cloud           Conj/Pois/Air  0%         N/A       75%         3
 Swiftness                Air            0%         N/A       75%         3
 Petrify                  Tmut/Erth      0%         N/A       98%         4
 Irradiate                Conj/Tmut      0%         3d11      100%        5


Dungeon Overview and Level Annotations

Branches:
Dungeon (8/15)             Temple (1/1) D:5            Lair (0/5) D:8

Altars:
Cheibriados
Dithmenos
Fedhas
Gozag
Hepliaklqana
Kikubaaqudgha
Makhleb
Nemelex Xobeh
Okawaru
Qazlal
Ru
Sif Muna
Uskayaw
Vehumet
Wu Jian
Xom
Yredelemnul

Shops:
D:3 =   D:8 :*:!

Annotations:
D:6 3 runed translucent doors, PaiMei's ghost, novice GrEE


Innate Abilities, Weirdness & Mutations

You have large cloven feet.
You have an unnaturally thin skeletal structure. (Dex +6, Stealth+++)
You are mostly covered in sharp spines.


Message History

Press: ? - help, Shift-Dir - straight line, f - orc priest, p - orc warrior
Aim: an orc priest, wielding a +1 heavy hand axe and wearing a +0 scale mail The puff of flame hits the orc.
The orc is heavily wounded.
The orc warrior misses you.
Unknown command.
You slash the orc!
You kill the orc!
Makhleb accepts your kill.
The orc warrior hits you from afar with a +0 halberd!
Aiming: Minor Destruction (0% risk of failure)
Press: ? - help, Shift-Dir - straight line, f/p - orc priest
Aim: an orc priest, wielding a +1 heavy hand axe and wearing a +0 scale mail (haloed)
The glob of acid hits the orc priest.
The orc priest is moderately wounded.
The orc warrior hits you from afar with a +0 halberd!
* * * LOW HITPOINT WARNING * * *
You slash the orc priest!
You kill the orc priest!
Makhleb accepts your kill.
You feel better. The orc warrior closely misses you.
The orc warrior closely misses you.
Items here: ))))) [[ ††.
You hit the orc warrior.
You kick the orc warrior, but do no damage.
The orc warrior is lightly wounded.
The orc warrior is struck by your spines.
The orc warrior closely misses you.
The orc warrior hits you with a +0 halberd!
* * * LOW HITPOINT WARNING * * *
You hit the orc warrior. You freeze the orc warrior.
You kick the orc warrior, but do no damage.
The orc warrior is heavily wounded.
The orc warrior misses you.
You hit the orc warrior.
The orc warrior suddenly seems more agile.
You kick the orc warrior, but do no damage.
The orc warrior is severely wounded.
The orc warrior hits you with a +0 halberd!!
You die...

.....#)...............#
......................##
.....##..........>.....#
.....######.#..........#
.....# #.#..........#
...### .##.......#.#
.#.# .##.......#.# .....
##.)...##.# .....#
##@..###.. ....## #)o##
#.. #.## ### .). ....
...... #####. .#


You could see an orc warrior (agile).

Vanquished Creatures
  A gargoyle (D:7)
  3 wargs (D:8)
  4 orc warriors (D:8)
  An ice beast (D:7)
  An ogre (D:2)
  A phantom (D:4)
  2 kobold brigands (D:7)
  2 gnoll sergeants
  2 bullfrogs (D:7)
  2 scorpions
  7 orc priests
  8 hounds
  Crazy Yiuf (D:6)
  A gnoll bouda (D:6)
  3 iron imps (D:8)
  An iguana (D:5)
  16 orc wizards
  A sleepcap (D:7)
  10 gnolls
  5 adders
  A shadow imp (D:6)
  An ufetubus (D:5)
  4 worms
  3 dart slugs (D:2)
  39 orcs
  4 ball pythons
  A bat zombie (D:5)
  4 endoplasms
  3 giant cockroaches
  7 hobgoblins
  3 jackals (D:3)
  12 kobolds
  2 quokkas
  5 bats
  4 frilled lizards
  10 goblins
  6 rats
  A rat zombie (D:5)
182 creatures vanquished.

Vanquished Creatures (collateral kills)
  Sigmund (D:6)
  An ogre (D:4)
  An orc priest (D:4)
  2 orcs (D:4)
  A ball python (D:4)
  A kobold (D:4)
7 creatures vanquished.

Vanquished Creatures (others)
  An orc (D:8)
1 creature vanquished.

Grand Total: 190 creatures vanquished

Notes
Turn   | Place    | Note
-------+----------+-------------------------------------------
     0 | D:1      | monsoonserge the Demonspawn Monk began the quest for the
                  | Orb.
     0 | D:1      | Reached XP level 1. HP: 18/18 MP: 1/1
   526 | D:1      | Gained mutation: You have a somewhat thin skeletal
                  | structure. (Dex +2, Stealth+) [demonic ancestry]
   526 | D:1      | Reached XP level 2. HP: 24/24 MP: 2/2
   687 | D:1      | Found a faded altar of an unknown god.
   699 | D:1      | Prayed at the altar of an unknown god.
   699 | D:1      | Became a worshipper of Makhleb the Destroyer
   699 | D:1      | Reached * piety under Makhleb
   699 | D:1      | Reached ** piety under Makhleb
  1009 | D:2      | Reached *** piety under Makhleb
  1037 | D:2      | Gained mutation: You have large cloven feet. [demonic
                  | ancestry]
  1037 | D:2      | Reached XP level 3. HP: 28/29 MP: 3/3
  1060 | D:2      | Reached skill level 1 in Invocations
  1132 | D:2      | Reached skill level 1 in Ranged Weapons
  1430 | D:2      | Noticed an ogre
  1517 | D:3      | Gained mutation: You are partially covered in sharp spines.
                  | [demonic ancestry]
  1517 | D:3      | Reached XP level 4. HP: 35/35 MP: 5/5
  1538 | D:3      | Found a hide-covered altar of Uskayaw.
  1551 | D:3      | Reached skill level 2 in Invocations
  1659 | D:3      | Reached skill level 3 in Invocations
  1683 | D:3      | Found Wunuzosch's Jewellery Shoppe.
  1813 | D:3      | Found a hazy altar of Hepliaklqana.
  2429 | D:2      | Killed an ogre
  2430 | D:2      | Reached skill level 4 in Invocations
  2430 | D:2      | Reached XP level 5. HP: 42/42 MP: 6/8
  2477 | D:4      | Noticed an ogre
  2481 | D:4      | Killed an ogre
  2482 | D:4      | Reached skill level 5 in Invocations
  2482 | D:4      | Gained mutation: You have a moderately thin skeletal
                  | structure. (Dex +4, Stealth++) [demonic ancestry]
  2482 | D:4      | Reached XP level 6. HP: 26/48 MP: 8/10
  2592 | D:4      | Reached **** piety under Makhleb
  2688 | D:4      | Reached skill level 6 in Invocations
  2831 | D:4      | Found a shadowy altar of Dithmenos.
  2915 | D:5      | Entered Level 5 of the Dungeon
  2994 | D:5      | Noticed an ice beast
  3075 | D:5      | Gained mutation: You are mostly covered in sharp spines.
                  | [demonic ancestry]
  3075 | D:5      | Reached XP level 7. HP: 53/53 MP: 12/12
  3129 | D:5      | Reached skill level 7 in Invocations
  3132 | D:5      | Reached skill level 1 in Armour
  3347 | D:5      | Reached skill level 1 in Short Blades
  3370 | D:5      | Found a sparkling altar of Nemelex Xobeh.
  3390 | D:5      | Reached skill level 1 in Maces & Flails
  3393 | D:5      | Found an ancient bone altar of Kikubaaqudgha.
  3584 | D:5      | Found a staircase to the Ecumenical Temple.
  3593 | Temple   | Entered the Ecumenical Temple
  3929 | D:6      | Identified the +3 hand axe of a treasure trove {venom,
                  | Int+2 Dex+2}
  4187 | D:6      | Gained mutation: You have an unnaturally thin skeletal
                  | structure. (Dex +6, Stealth+++) [demonic ancestry]
  4187 | D:6      | Reached XP level 8. HP: 50/60 MP: 13/13
  4216 | D:6      | Reached skill level 8 in Invocations
  4380 | D:6      | Found a runed translucent gate.
  4380 | D:6      | Noticed PaiMei's ghost (novice GrEE)
  4381 | D:6      | Found a runed translucent gate.
  4382 | D:6      | Found a runed translucent gate.
  4532 | D:6      | Noticed Sigmund
  4536 | D:6      | Killed Sigmund
  4621 | D:6      | Found a runed translucent door.
  4622 | D:6      | Noticed Crazy Yiuf
  4628 | D:6      | Killed Crazy Yiuf
  4933 | D:7      | Noticed a gargoyle
  5059 | D:7      | Reached skill level 9 in Invocations
  5210 | D:7      | Learned a level 2 spell: Blink
  5452 | D:7      | Killed a gargoyle
  5453 | D:7      | Reached skill level 1 in Spellcasting
  5453 | D:7      | Reached skill level 1 in Translocations
  5453 | D:7      | Reached skill level 10 in Invocations
  5453 | D:7      | Reached XP level 9. HP: 10/66 MP: 16/16
  5746 | D:7      | Found a snail-covered altar of Cheibriados.
  5911 | D:8      | Found Jeosami's Book Shop.
  6140 | D:8      | Reached skill level 11 in Invocations
  6751 | D:8      | Bought a book of Burglary for 240 gold pieces
  6756 | D:8      | Learned a level 2 spell: Ensorcelled Hibernation
  6763 | D:8      | Found a burning altar of Makhleb.
  6838 | D:8      | Reached ***** piety under Makhleb
  6845 | D:8      | Found Liokon's Book Shoppe.
  6866 | D:8      | Identified the +6 long sword "Poam" {chaos, rF+ rN+ Will++
                  | Str-4}
  6920 | D:8      | Found Ahat's Assorted Antiques.
  6958 | D:8      | Found Gamemeep's Distillery.
  6978 | D:8      | Bought a potion of berserk rage for 60 gold pieces
  6978 | D:8      | Bought a potion of curing for 36 gold pieces
  6978 | D:8      | Bought a potion of haste for 120 gold pieces
  6986 | D:8      | Found a staircase to the Lair.
  7024 | D:8      | Mangled by an orc warrior

Illustrated notes

Levels and vault maps discovered:
D:1:      dpeg_arrival_three_smaller_balls, layout_basic,
          ebering_ecumenical_altar_petrified, st_stairs_13
D:2:      layout_basic, serial_curves, eino_curves_04, eino_curves_02,
          st_stairs_13, grunt_decor_junction, roderic_three_in_a_row,
          minmay_divided_ellipse
D:3:      layout_basic, eat_drink_and_be_merry_uskayaw,
          mainiacjoe_overflow_paths, serial_shops, shop,
          wander_ebering_terrifying_dragon_lair
D:4:      wander_river, layout_rooms, nicolae_overflow_crystal_walls,
          minmay_surrounded
D:5:      layout_loops_ring, lemuel_zombie_altar_kikubaaqudgha,
          nemelex_xobeh_ov_fountains_minmay, minmay_temple_entry_junction
D:6:      minmay_flawed_box, layout_basic, biasface_ghost_orc_armoury,
          uniq_sigmund, uniq_crazy_yiuf_cottage
D:7:      layout_basic, slow_altar_2, minmay_strange_pillars
D:8:      layout_basic, demons_altar, nicolae_ashenzari_panopticon,
          erik_lair_orcish_takeover, serial_shops, nicolae_square_shop,
          nicolae_square_shop, shop,
          nicolae_shop_temple_entry_statues_fountains,
          hangedman_decor_peaks_small, lemuel_flame_loot_1
Temple:   nicolae_temple_figure_eight

Skill      XL: |  1  2  3  4  5  6  7  8  9 |
---------------+----------------------------+-----
Long Blades    | 3 4 |  4.3
Invocations    | 1 4 5 6 7 10 11 | 11.9
Ranged Weapons | 1 |  1.0
Dodging        | 3 4 |  4.6
Armour         | 2 3 |  3.7
Fighting       | 4 |  4.7
Short Blades   | 2 3 4 |  4.0
Maces & Flails | 1 |  1.0
Spellcasting   | 1 |  1.0
Translocations | 1 2 |  2.5
Throwing       | |  0.3
Hexes          | |  0.2
Ice Magic      | |  0.2

Action                     |  1- 3 |  4- 6 |  7- 9 || total
---------------------------+-------+-------+-------++-------
  Melee: Falchion          |    43 |    30 |       ||    73
         Kick              |     6 |    15 |    72 ||    93
         Mace              |       |    17 |       ||    17
         Short sword       |       |    10 |   183 ||   193
         Long sword        |       |       |    18 ||    18
   Fire: Sling             |    20 |       |       ||    20
  Throw: Boomerang         |       |       |     2 ||     2
 Invoke: Minor Destruction |    24 |    20 |    65 ||   109
         Lesser Servant of |       |     1 |     1 ||     2
    Use: Potion            |       |       |     1 ||     1
   Stab: Sleeping          |       |       |     2 ||     2
 Armour: Robe              |    14 |     1 |       ||    15
         Scale mail        |       |     2 |    37 ||    39
         Ring mail         |       |     2 |       ||     2
         Leather armour    |       |       |     3 ||     3
  Dodge: Dodged            |    38 |    36 |   113 ||   187
